 Dungeon Crawl Stone Soup version 0.31-a0-774-g0d66cbabe8 (webtiles) character file.

Game seed: 10384739727207403721

2478 Shayle the Fighter (level 9, -1/98 HPs)
             Began as an Ogre Hexslinger on Sept 17, 2023.
             Was an Initiate of Dithmenos.
             Slain by a two-headed ogre
             ... wielding a +0 giant club
              (21 damage)
             ... on level 8 of the Dungeon.
             The game lasted 00:26:58 (6702 turns).

Shayle the Fighter (Ogre Hexslinger)                Turns: 6702, Time: 00:26:58

Health: -1/98      AC:  9    Str: 14    XL:     9   Next: 51%
Magic:  8/16       EV: 10    Int: 18    God:    Dithmenos [......]
Gold:   201        SH:  0    Dex: 17    Spells: 7/17 levels left

rFire   . . .        a - +1 sling
rCold   . . .        (no shield)
rNeg    . . .        h - +0 steam dragon scales
rPois   .            (helmet restricted)
rElec   .            g - +2 cloak of the Thief {*Fog Slay-2 SInv Stlth+}
rCorr   .            (gloves unavailable)
SInv    +            (boots unavailable)
Will    .....        t - amulet of regeneration
Stlth   +++          m - +6 ring of dexterity
HPRegen 1.16/turn    l - +4 ring of slaying
MPRegen 0.15/turn

%: no passive effects
@: weak-willed, very slightly contaminated
A: large, unfitting armour, tough skin 1, mutation resistance 1
a: Renounce Religion


You were on level 8 of the Dungeon.
You worshipped Dithmenos.
Dithmenos was noncommittal.
You visited 2 branches of the dungeon, and saw 9 of its levels.

You collected 344 gold pieces.
You spent 143 gold pieces at shops.

Inventory:

Hand Weapons
 a - a +1 sling (weapon)
 i - a +4 scimitar
 p - a +1 trident of holy wrath
 v - a +1 short sword of flaming
 x - a +2 short sword of draining
Armour
 c - a +1 robe
 g - the +2 cloak of the Thief (worn) {*Fog Slay-2 SInv Stlth+}
   (You acquired it on level 6 of the Dungeon)

   *Fog:      It may release a thick cloud of smoke when the wearer is hurt.
   Slay-2:    It affects your accuracy & damage with ranged weapons and melee
   (-2).
   SInv:      It lets you see invisible.
   Stlth+:    It makes you more stealthy.
 h - +0 steam dragon scales (worn)
Jewellery
 l - a +4 ring of slaying (right hand)
 m - a +6 ring of dexterity (left hand)
 t - an amulet of regeneration (around neck)
 u - a +5 ring of evasion
Talismans
 k - a talisman of death
 w - a serpent talisman
Scrolls
 b - a scroll of poison
 o - a scroll of identify
Potions
 d - 2 potions of resistance
 e - a potion of cancellation {unknown}
 f - 3 potions of enlightenment
 j - 3 potions of degeneration
 n - 3 potions of mutation
 q - a potion of attraction
 r - a potion of brilliance {unknown}


   Skills:
 + Level 9.0 Fighting
 - Level 3.4 Ranged Weapons
 - Level 1.7 Dodging
 + Level 4.5 Unarmed Combat
 - Level 4.7 Spellcasting
 + Level 2.8 Conjurations
 - Level 2.6 Hexes
 - Level 0.8 Fire Magic
 + Level 3.2 Ice Magic
 + Level 2.8 Air Magic
 + Level 2.8 Invocations


You had 7 spell levels left.
You knew the following spells:

 Your Spells              Type           Power      Damage    Failure   Level
a - Jinxbite              Hex            26%        N/A       7%          2
b - Frozen Ramparts       Ice            30%        1d5       11%         3
c - Freezing Cloud        Conj/Ice/Air   7%         6-21      75%         5

Your spell library contained the following spells:

 Spells                   Type           Power      Damage    Failure   Level
 Freeze                   Ice            60%        1d7       3%          1
 Ensorcelled Hibernation  Hex/Ice        28%        N/A       6%          2
 Kiss of Death            Conj/Necr      36%        2d8       8%          1
 Hailstorm                Conj/Ice       15%        3d5       12%         3
 Swiftness                Air            14%        N/A       13%         3
 Sigil of Binding         Hex            13%        N/A       14%         3
 Passwall                 Tmut/Erth      3%         N/A       21%         2
 Inner Flame              Hex/Fire       10%        N/A       21%         3
 Cause Fear               Hex            6%         N/A       41%         4
 Sticky Flame             Conj/Fire      10%        2d3       54%         4
 Dimensional Bullseye     Hex/Tloc       4%         N/A       61%         4
 Arcjolt                  Conj/Air       7%         1d17      75%         5
 Dispel Undead            Necr           4%         3d7       80%         4
 Borgnjor's Vile Clutch   Necr/Erth      2%         N/A       98%         5
 Orb of Destruction       Conj           7%         9d6       100%        7


Dungeon Overview and Level Annotations

Branches:
Dungeon (8/15)             Temple (1/1) D:7
   Lair: D:8-11

Altars:
Ashenzari
Cheibriados
Dithmenos
Elyvilon
Fedhas
Gozag
Kikubaaqudgha
Nemelex Xobeh
Okawaru
Qazlal
Ru
Sif Muna
Trog
Uskayaw
Xom
Yredelemnul
Zin
The Shining One

Shops:
D:7 !

Annotations:
D:5 1 runed translucent door


Innate Abilities, Weirdness & Mutations

You are too large for most types of armour.
You have tough skin. (AC +1)
You are somewhat resistant to further mutation.


Message History

You shoot a sling bullet.
The sling bullet closely misses the two-headed ogre.
The wall freezes the two-headed ogre but does no damage.
The two-headed ogre closely misses you.
The two-headed ogre hits you with a +0 giant spiked club!
You shoot a sling bullet.
The sling bullet barely misses the two-headed ogre.
The wall freezes the two-headed ogre.
The two-headed ogre hits you with a +0 giant club!
The two-headed ogre closely misses you.
You shoot a sling bullet.
The sling bullet barely misses the two-headed ogre.
The frozen ramparts melt away.
The two-headed ogre hits you with a +0 giant club!
The two-headed ogre hits you with a +0 giant spiked club!
You shoot a sling bullet.
The sling bullet barely misses the two-headed ogre.
The two-headed ogre seems less drained.
You shoot a sling bullet.
The sling bullet hits the two-headed ogre but does no damage.
The two-headed ogre is severely wounded.
The two-headed ogre hits you but does no damage.
The two-headed ogre hits you with a +0 giant spiked club!
With a swish of your cloak, you release a cloud of fog.
Casting: Frozen Ramparts (dangerous; 11% risk of failure)
Confirm with . or Enter, or press ? or * to list all spells.
Casting: Frozen Ramparts (dangerous; 11% risk of failure)
Press: ? - help, Dir - look around, f - activate
There is a cloud of purple smoke here.
You miscast Frozen Ramparts.
You are very lightly contaminated with residual magic.
Nothing appears to happen.
The two-headed ogre misses you.
The two-headed ogre hits you with a +0 giant spiked club!
* * * LOW HITPOINT WARNING * * *
With a swish of your cloak, you release a cloud of fog.
You shoot a sling bullet.
The sling bullet hits the two-headed ogre.
The two-headed ogre is severely wounded.
The two-headed ogre hits you with a +0 giant club!!
You die...

##..# ###..##.##.#
#####..#.......##.##.##
#.†[.)...........<....#
#.###..#.####...#####.#
#.# #....####...# #.# #.#
#.......§..§# #.#
####.###......§§§§§# #.#
..............§§§§§#####.#
####.###..#.####@#.......#
............# #O##.....##
.......# #.##.........
####.### #.#...#.####.#
#.# #.######......#### #..
.................. ###
#########.....###
##...#.... ......O..


You could see a two-headed ogre.

Vanquished Creatures
  A troll (D:8)
  A hornet (D:8)
  A steam dragon (D:7)
  Grum (D:8)
  A water moccasin (D:6)
  2 wolves (D:8)
  3 bullfrogs
  2 scorpions
  4 wights (D:8)
  13 killer bees
  2 electric eels (D:6)
  A jelly (D:8)
  A hound (D:6)
  2 iguanas (D:6)
  Ijyb (D:4)
  A sleepcap (D:6)
  An orc wizard (D:8)
  A gnoll (D:1)
  5 adders
  A shadow imp (D:6)
  3 white imps
  A worm (D:2)
  5 dart slugs
  9 orcs
  4 endoplasms
  2 giant cockroaches
  7 hobgoblins
  11 jackals
  8 kobolds
  3 quokkas
  8 ball pythons
  4 bats
  2 frilled lizards (D:1)
  9 goblins
  A jackal zombie (D:5)
  2 rats (D:1)
124 creatures vanquished.

Notes
Turn   | Place    | Note
-------+----------+-------------------------------------------
     0 | D:1      | Shayle the Ogre Hexslinger began the quest for the Orb.
     0 | D:1      | Reached XP level 1. HP: 19/19 MP: 2/2
    95 | D:1      | Reached skill level 2 in Fighting
    95 | D:1      | Reached XP level 2. HP: 27/28 MP: 4/4
   217 | D:1      | Reached XP level 3. HP: 34/36 MP: 6/6
   323 | D:1      | Found a faded altar of an unknown god.
   508 | D:1      | Reached skill level 3 in Fighting
   828 | D:2      | Reached XP level 4. HP: 25/45 MP: 7/7
  1579 | D:2      | Found a glowing silver altar of Zin.
  1956 | D:3      | Found a sacrificial altar of Ru.
  2142 | D:3      | Reached XP level 5. HP: 38/54 MP: 9/9
  2980 | D:4      | Learned a level 2 spell: Jinxbite
  3299 | D:4      | Noticed Ijyb
  3314 | D:4      | Killed Ijyb
  3315 | D:4      | Reached skill level 4 in Fighting
  3553 | D:5      | Entered Level 5 of the Dungeon
  3669 | D:5      | Found an iron altar of Okawaru.
  3671 | D:5      | Found a snail-covered altar of Cheibriados.
  3672 | D:5      | Found a white marble altar of Elyvilon.
  3689 | D:5      | Found a runed translucent door.
  3689 | D:5      | Noticed a human
  3693 | D:5      | Found a basalt altar of Yredelemnul.
  3777 | D:5      | Noticed an ice beast
  3780 | D:5      | Reached XP level 6. HP: 54/63 MP: 11/11
  3961 | D:6      | Reached skill level 5 in Fighting
  4062 | D:6      | Reached XP level 7. HP: 38/72 MP: 13/13
  4519 | D:6      | Reached skill level 6 in Fighting
  4548 | D:6      | Reached skill level 1 in Unarmed Combat
  4566 | D:6      | Identified a scroll of acquirement
  4566 | D:6      | Acquired the +2 cloak of the Thief {*Fog Slay-2 SInv
                  | Stlth+}
  4566 | D:6      | Found the +2 cloak of the Thief {*Fog Slay-2 SInv Stlth+}
  4818 | D:7      | Found Jelirphuso's Distillery.
  4917 | D:7      | Reached skill level 7 in Fighting
  4917 | D:7      | Reached XP level 8. HP: 87/87 MP: 15/15
  5026 | D:6      | Learned a level 3 spell: Frozen Ramparts
  5132 | D:6      | Reached skill level 1 in Ice Magic
  5197 | D:6      | Acquired the Secrets of the Ruinous Damned
  5205 | D:6      | Learned a level 5 spell: Freezing Cloud
  5249 | D:7      | Bought a potion of lignification for 33 gold pieces
  5249 | D:7      | Bought a potion of might for 44 gold pieces
  5249 | D:7      | Bought a potion of curing for 33 gold pieces
  5249 | D:7      | Bought a potion of lignification for 33 gold pieces
  5438 | D:7      | Reached skill level 8 in Fighting
  5438 | D:7      | Reached skill level 1 in Conjurations
  5438 | D:7      | Reached skill level 1 in Air Magic
  5490 | D:7      | Found a staircase to the Ecumenical Temple.
  5503 | Temple   | Entered the Ecumenical Temple
  5517 | Temple   | Became a worshipper of Dithmenos the Shadowed
  5674 | D:8      | Noticed an unseen horror
  5686 | D:8      | Noticed a cyclops
  6089 | D:8      | Noticed Grum
  6115 | D:8      | Killed Grum
  6116 | D:8      | Reached skill level 1 in Invocations
  6119 | D:8      | HP: 6/132 [wolf[Grum] (7)]
  6140 | D:8      | Reached XP level 9. HP: 16/97 MP: 16/16
  6228 | D:8      | Gained mutation: You are somewhat resistant to further
                  | mutation. [potion of mutation]
  6331 | D:8      | Noticed a hornet
  6344 | D:8      | Killed a hornet
  6614 | D:8      | Noticed a troll
  6637 | D:8      | Killed a troll
  6638 | D:8      | Reached skill level 9 in Fighting
  6679 | D:8      | Noticed a two-headed ogre
  6702 | D:8      | Slain by a two-headed ogre

Illustrated notes

Levels and vault maps discovered:
D:1:      scummos_arrival_star, layout_rooms, ebering_ecumenical_altar_mist
D:2:      minmay_chambers_of_ones, layout_basic, basic_altar
D:3:      layout_basic, nicolae_ru_awakened_eye, minivault_11
D:4:      layout_basic, uniq_ijyb
D:5:      layout_basic, minitemple, dk_yredelemnul_ordeal, minmay_starry_boxes,
          uniq_pikel
D:6:      layout_gridville, minivault_4
D:7:      layout_cave_pools, minmay_temple_entry_stoned_glass, serial_shops,
          shop
D:8:      minmay_cut_squares, layout_loops_ring, kennysheep_nub, uniq_erica,
          uniq_grum
Temple:   nicolae_temple_god_jail

Skill      XL: |  1  2  3  4  5  6  7  8  9 |
---------------+----------------------------+-----
Fighting       | 2 3 4 5 7 8 9 |  9.0
Spellcasting   | 2 3 4 |  4.7
Ranged Weapons | 2 3 |  3.4
Unarmed Combat | 2 3 4 |  4.5
Ice Magic      | 2 3 |  3.2
Conjurations   | 1 2 |  2.8
Air Magic      | 1 2 |  2.8
Invocations    | 1 2 |  2.8
Dodging        | |  1.7
Hexes          | |  2.6
Fire Magic     | |  0.8

Action                     |  1- 3 |  4- 6 |  7- 9 || total
---------------------------+-------+-------+-------++-------
  Melee: Unarmed           |       |       |    17 ||    17
         Short sword       |       |       |    27 ||    27
         Punch             |       |       |     4 ||     4
         Sling             |       |       |     2 ||     2
         Scimitar          |       |       |     9 ||     9
         Trident           |       |       |     8 ||     8
   Fire: Sling             |   116 |    94 |   224 ||   434
  Throw: Large rock        |       |    41 |       ||    41
   Cast: Jinxbite          |       |     1 |     2 ||     3
         Frozen Ramparts   |       |       |     3 ||     3
  Evoke: Wand              |       |     3 |     9 ||    12
    Use: Scroll            |     3 |     5 |     8 ||    16
         Potion            |       |     1 |    10 ||    11
 Armour: Robe              |    96 |    81 |   140 ||   317
         Skin              |       |       |    98 ||    98
         Steam dragon scal |       |       |   105 ||   105
  Dodge: Dodged            |    76 |    58 |   241 ||   375

Table legend: (Time is in decaauts)
 A = Elapsed time spent in this place.
 B = Non-inter-level travel time spent in this place.
 C = Inter-level travel time spent in this place.
 D = Time resting spent in this place.
 E = Time spent auto-exploring this place.
 F = Levels seen in this place.
 G = Mean time per level.
                   A        B        C        D        E       F      G
               +--------+--------+--------+--------+--------+-----+--------+
         Total |   6862 |   6442 |    420 |   1272 |   3028 |   9 |  762.4 |
       Dungeon |   6835 |   6428 |    407 |   1272 |   3028 |   8 |  854.4 |
        Temple |     26 |     13 |     13 |      0 |      0 |   1 |   26.0 |
               +--------+--------+--------+--------+--------+-----+--------+

Top non-repeatable levels by time:
     D:6: 1364 daAuts
     D:2: 1230 daAuts
     D:3: 1113 daAuts
     D:8: 883 daAuts
     D:1: 692 daAuts
     D:7: 618 daAuts
     D:4: 609 daAuts
     D:5: 323 daAuts
  Temple: 26 daAuts
